 Dungeon Crawl Stone Soup version 0.21-a0-221-gfe971b9 (webtiles) character file.

950 tidbits the Grappler (level 7, -1/61 HPs)
             Began as a Grey Draconian Wanderer on Aug 27, 2017.
             Slain by a hornet (11 damage)
             ... on level 8 of the Dungeon.
             The game lasted 00:19:52 (2152 turns).

tidbits the Grappler (Grey Draconian Wanderer)      Turns: 2152, Time: 00:19:53

Health: -1/61      AC: 12    Str: 20    XL:     7   Next: 90%
Magic:  7/7        EV: 16    Int: 16    God:
Gold:   194        SH:  0    Dex: 13    Spells: 6/6 levels left

rFire    . . .     SeeInvis .     - Unarmed
rCold    . . .     Gourm    .   (no shield)
rNeg     . . .     Faith    .   (armour unavailable)
rPois    .         Spirit   .   (helmet restricted)
rElec    .         Reflect  .   (no cloak)
rCorr    .         Harm     .   (no gloves)
MR       .....                  F - +0 pair of boots
Stlth    +++.......             (no amulet)
HPRegen  0.20/turn              p - ring of flight
MPRegen  0.10/turn              (no ring)

@: mighty, agile, slowed, very slow
A: walk through water, unfitting armour, clever 1, clumsy 1, unbreathing,
evolution 1, cold-blooded, AC +11
a: Evoke Flight


You were on level 8 of the Dungeon.
You were not hungry.

You visited 1 branch of the dungeon, and saw 8 of its levels.

You collected 194 gold pieces.

Inventory:

Hand Weapons
 b - a +2 shortbow
Missiles
 a - 72 arrows
 h - 30 stones (quivered)
 m - 7 tomahawks
 q - 7 curare-tipped needles
 v - 4 silver tomahawks
Armour
 e - a +0 buckler
 w - a +0 shield
 F - a +0 pair of boots (worn)
Jewellery
 p - a ring of flight (left hand)
   (You found it on level 2 of the Dungeon)
Scrolls
 d - 3 scrolls of teleportation
 g - a scroll of enchant weapon {unknown}
 i - a scroll of identify
 k - 4 scrolls of enchant armour {unknown}
 n - a scroll of magic mapping {unknown}
 o - a scroll of fog {unknown}
 s - a scroll of remove curse {unknown}
 x - a scroll of immolation {unknown}
 y - a scroll of amnesia {unknown}
Potions
 j - a potion of agility
 l - 2 potions of brilliance
Comestibles
 f - 2 bread rations
 r - 2 meat rations
 t - 2 fruits


   Skills:
 - Level 5.4 Fighting
 - Level 2.6 Bows
 - Level 1.0 Throwing
 + Level 0.0 Dodging
 - Level 1.0 Stealth
 - Level 9.0 Unarmed Combat


You had 6 spell levels left.
You didn't know any spells.

Dungeon Overview and Level Annotations

Branches:
Dungeon (8/15)
 Temple: D:4-7         Lair: D:8-11

Altars:
Hepliaklqana
Vehumet

Shops:
D:4 (


Innate Abilities, Weirdness & Mutations

You can walk through water.
Your dull iron-grey scales are very hard. (AC +11)
You cannot fit into any form of body armour.
You can survive without breathing.
You are cold-blooded and may be slowed by cold attacks.
Your mind is acute. (Int +2)
You are clumsy. (Dex -2)
You evolve.


Message History

You hit the ice beast but do no damage. You headbutt the ice beast.
You tail-slap the ice beast.
The ice beast is almost dead.
The ice beast hits you but does no damage.
You hit the ice beast.
The ice beast is almost dead.
The ice beast barely misses you.
You closely miss the ice beast.
The ice beast is almost dead.
The ice beast misses you.
You punch the ice beast!
You kill the ice beast!
Your Unarmed Combat skill increases to level 9!
a - 75 arrows (gained 1)
b - a +2 shortbow (weapon)
a - 76 arrows (gained 1)
You now have 180 gold pieces (gained 21).
Really quaff
q - a potion of mutation {!q}?
You feel extremely strange.
You feel stronger. The horns on your head shrink away.
You feel clumsy.
You feel clever.
You feel nature experimenting on you.
Don't worry, failures die fast.
Found a meat ration.
r - 2 meat rations (gained 1)
Found 7 tomahawks.
Found a potion of degeneration.
Found a stone staircase leading down.
Found 14 gold pieces.
Found a stone staircase leading down.
You see here 7 tomahawks.
m - 7 tomahawks You now have 194 gold pieces (gained 14).
There is a stone staircase leading down here.
You climb downwards.
A hornet comes into view.
Found 7 curare-tipped needles and 14 sling bullets.
Found a stone staircase leading down.
There is a stone staircase leading up here.
k - 4 scrolls labeled LOKHUNICA (gained 1)
You see here 7 curare-tipped needles.
q - 7 curare-tipped needles
There is a stone staircase leading up here.
Firing (i - inventory. (,) - cycle):
a - 76 arrows (quivered)
Press: ? - help, Shift-Dir - straight line, f - hornet
Aim: a hornet (resting)
You shoot an arrow.
The arrow hits the hornet but does no damage.
The hornet buzzes angrily.
Firing (i - inventory. (,) - cycle):
a - 75 arrows (quivered)
Press: ? - help, Shift-Dir - straight line, f/p - hornet
Aim: a hornet You shoot an arrow.
The arrow hits the hornet.
The hornet is lightly wounded.
Firing (i - inventory. (,) - cycle):
a - 74 arrows (quivered)
Press: ? - help, Shift-Dir - straight line, f/p - hornet
Aim: a hornet (lightly wounded)
You shoot an arrow. The arrow barely misses the hornet.
Firing (i - inventory. (,) - cycle):
a - 73 arrows (quivered)
Press: ? - help, Shift-Dir - straight line, f/p - hornet
Aim: a hornet (lightly wounded)
You shoot an arrow. The arrow closely misses the hornet.
The hornet closely misses you.
You are now empty-handed.
You closely miss the hornet. The hornet completely misses you.
The hornet stings you.
You feel yourself slow down.
You hit the hornet but do no damage. The hornet stings you!
You feel as though you will be slow longer.
The hornet stings you!
You feel as though you will be slow longer.
You feel agile all of a sudden. The hornet closely misses you.
The hornet barely misses you.
You hit the hornet but do no damage. The hornet stings you.
You feel as though you will be slow longer.
The hornet stings you.
* * * LOW HITPOINT WARNING * * *
You are poisoned.
You suddenly lose the ability to move!
You can move again.
You feel better.
The hornet stings you but does no damage.
The hornet barely misses you.
You hit the hornet but do no damage. The hornet misses you.
The hornet stings you!
* * * LOW HITPOINT WARNING * * *
You feel as though you will be slow longer.
You closely miss the hornet. The hornet stings you.
* * * LOW HITPOINT WARNING * * *
You shrug off the repeated paralysis!
The hornet stings you but does no damage.
You closely miss the hornet.
You tail-slap the hornet, but do no damage.
The hornet misses you. The hornet stings you!!
* * * LOW HITPOINT WARNING * * *
You feel as though you will be slow longer.
It was a potion of might.
You feel very mighty all of a sudden. The hornet barely misses you.
The hornet stings you.
* * * LOW HITPOINT WARNING * * *
You are lethally poisoned!
You feel as though you will be slow longer.
You feel better. The hornet closely misses you. The hornet stings you!
You die...

....... #.....#
##.....#
#......#
#......#
#......##
##.......##
#..@.......
#......y.......
###.##.........
# ##....####
..#(.# .##>...
# (#..# (...(


You could see a hornet.

Vanquished Creatures
  A hippogriff (D:5)
  An ice beast (D:7)
  An ogre (D:4)
  A centaur (D:5)
  A bullfrog (D:3)
  A scorpion (D:7)
  A bullfrog zombie (D:6)
  2 hounds (D:4)
  A jelly (D:5)
  An orc wizard (D:2)
  A centaur skeleton (D:5)
  An orc priest (D:3)
  2 worker ants (D:5)
  An iguana (D:5)
  2 adders (D:2)
  A gnoll (D:1)
  A howler monkey skeleton (D:5)
  2 shadow imps (D:7)
  2 worms (D:2)
  A leopard gecko (D:5)
  5 orcs
  11 bats
  4 giant cockroaches
  4 goblins
  7 hobgoblins
  7 jackals
  2 kobolds (D:1)
  2 quokkas
  A ball python (D:2)
  4 frilled lizards
  A quokka zombie (D:5)
  3 rats
76 creatures vanquished.

Notes
Turn   | Place    | Note
-------+----------+-------------------------------------------
     0 | D:1      | tidbits the Draconian Wanderer began the quest for the Orb.
     0 | D:1      | tidbits set off with: a +2 shortbow, 23 arrows, a potion of curing, a scroll of teleportation, a bread ration
     0 | D:1      | Reached XP level 1. HP: 23/23 MP: 1/1
    76 | D:1      | Reached skill level 1 in Unarmed Combat
    76 | D:1      | Reached XP level 2. HP: 16/29 MP: 2/2
   127 | D:1      | Reached skill level 2 in Unarmed Combat
   278 | D:3      | Reached XP level 3. HP: 36/36 MP: 3/3
   286 | D:2      | Reached skill level 3 in Unarmed Combat
   303 | D:2      | Reached XP level 4. HP: 29/42 MP: 4/4
   376 | D:2      | Found a hazy altar of Hepliaklqana.
   561 | D:3      | Reached skill level 4 in Unarmed Combat
  1053 | D:3      | Noticed a bullfrog
  1060 | D:3      | Killed a bullfrog
  1060 | D:3      | Reached skill level 5 in Unarmed Combat
  1060 | D:3      | Reached XP level 5. HP: 41/48 MP: 5/5
  1327 | D:4      | Found Qumew's Weapon Shoppe.
  1338 | D:4      | Noticed an ogre
  1343 | D:4      | Killed an ogre
  1343 | D:4      | Reached skill level 6 in Unarmed Combat
  1343 | D:4      | Reached XP level 6. HP: 52/56 MP: 6/6
  1361 | D:5      | Entered Level 5 of the Dungeon
  1422 | D:5      | Reached skill level 7 in Unarmed Combat
  1551 | D:5      | Noticed a hippogriff
  1565 | D:5      | Killed a hippogriff
  1565 | D:5      | Your scales start taking on a dull iron-grey colour.
  1565 | D:5      | Reached XP level 7. HP: 20/61 MP: 7/7
  1565 | D:5      | Gained mutation: You can survive without breathing. [Grey Draconian growth]
  1620 | D:4      | Reached skill level 8 in Unarmed Combat
  1736 | D:6      | Gained mutation: You are weak. (Str -2) [potion of mutation]
  1736 | D:6      | Gained mutation: You have a pair of small horns on your head. [potion of mutation]
  1980 | D:7      | Found a radiant altar of Vehumet.
  2086 | D:7      | Reached skill level 9 in Unarmed Combat
  2097 | D:7      | Lost mutation: You are weak. (Str -2) [potion of mutation]
  2097 | D:7      | Lost mutation: You have a pair of small horns on your head. [potion of mutation]
  2097 | D:7      | Gained mutation: You are clumsy. (Dex -2) [potion of mutation]
  2097 | D:7      | Gained mutation: Your mind is acute. (Int +2) [potion of mutation]
  2097 | D:7      | Gained mutation: You evolve. [potion of mutation]
  2133 | D:8      | Noticed a hornet
  2146 | D:8      | Paralysed by a hornet for 1 turns
  2150 | D:8      | HP: 4/61 [hornet (18)]
  2152 | D:8      | Slain by a hornet

Vault maps used:
D:1:      minmay_arrival_arboretum_small
D:2:      lemuel_doored_altar, minmay_pentomino_t4
D:3:      first_bread
D:4:      serial_shops, kennysheep_mini_moat, uniq_sigmund
D:5:      uniq_grinder
D:7:      lemuel_zombie_altar_kikubaaqudgha, fiery_altar_vehumet,
          minmay_temple_entry_poolview, hangedman_abyss_or_decor_stagger,
          kennysheep_generic_room_4
D:8:      grunt_ogre_cave, nicolae_elemental_shop, uniq_maurice

Skill      XL: |  1  2  3  4  5  6  7 |
---------------+----------------------+-----
Unarmed Combat | 1 2 3 5 6 7 9 |  9.0
Fighting       | |  5.4
Bows           | |  2.6
Throwing       | |  1.0
Stealth        | |  1.0

Action                   |  1- 3 |  4- 6 |  7- 9 || total
-------------------------+-------+-------+-------++-------
Melee: Unarmed           |       |    16 |    53 ||    69
       Tailslap          |       |     1 |     5 ||     6
       Punch             |       |     1 |     3 ||     4
       Headbutt          |       |       |     4 ||     4
 Fire: Shortbow          |    37 |   130 |    34 ||   201
  Use: Scroll            |       |     4 |     1 ||     5
       Potion            |       |     1 |     6 ||     7
  Eat: Chunk             |       |     2 |     1 ||     3
       Royal jelly       |       |       |     1 ||     1
Armor: Skin              |     3 |    40 |    23 ||    66
Dodge: Dodged            |    15 |    61 |    36 ||   112

Table legend:
 A = Spawn XP
 B = Non-spawn XP
 C = Spawn XP percentage of total XP
 D = Spawn monster count
 E = Non-spawn monster count
 F = Spawn count percentage of total count
 G = Total turns spent on level
                    A         B        C        D         E        F      G
               +---------+---------+-------+---------+---------+-------+---------
         Total |      45 |    1313 |   3.3 |       1 |      75 |   1.3 |  2152
               +---------+---------+-------+---------+---------+-------+---------
           D:1 |       0 |      43 |   0.0 |       0 |      19 |   0.0 |   538
           D:2 |       0 |     100 |   0.0 |       0 |      18 |   0.0 |   502
           D:3 |       0 |     154 |   0.0 |       0 |      13 |   0.0 |   230
           D:4 |       0 |     211 |   0.0 |       0 |       5 |   0.0 |   170
           D:5 |      45 |     525 |   7.9 |       1 |      14 |   6.7 |   453
           D:6 |       0 |      47 |   0.0 |       0 |       1 |   0.0 |    41
           D:7 |       0 |     233 |   0.0 |       0 |       5 |   0.0 |   199
               +---------+---------+-------+---------+---------+-------+---------

Table legend:
 A = Turns spent in this place as a percentage of turns spent in the entire game.
 B = Non-inter-level travel turns spent in this place as a percentage of non-inter-level travel turns spent in the entire game.
 C = Inter-level travel turns spent in this place as a percentage of turns spent in this place.
 D = Turns resting spent in this place as a percentage of non-inter-level travel turns spent in this place.
 E = Turns spent auto-exploring this place as a percentage of non-inter-level travel turns spent in this place.
 F = Non-inter-level travel turns spent in this place divided by the number of levels of this place that you've seen.
                   A       B       C       D       E      F
               +-------+-------+-------+-------+-------+----------------------
         Total | 100.0 | 100.0 |   5.2 |   0.0 |   0.0 | 255.0
       Dungeon | 100.0 | 100.0 |   5.2 |   0.0 |   0.0 | 255.0
               +-------+-------+-------+-------+-------+----------------------

Table legend:
 A = Kills in this place as a percentage of kills in entire the game.
 B = Kills by you in this place as a percentage of kills by you in the entire game.
 C = Kills by friends in this place as a percentage of kills by friends in the entire game.
 D = Other kills in this place as a percentage of other kills in the entire game.
 E = Experience gained in this place as a percentage of experience gained in the entire game.
 F = Experience gained in this place divided by the number of levels of this place that you have seen.
                   A       B       C       D       E      F
               +-------+-------+-------+-------+-------+----------------------
         Total | 100.0 | 100.0 |   N/A |   N/A | 100.0 | 169.8
       Dungeon | 100.0 | 100.0 |   N/A |   N/A | 100.0 | 169.8
               +-------+-------+-------+-------+-------+----------------------

Vault maps used:
D:1:      minmay_arrival_arboretum_small
D:2:      lemuel_doored_altar, minmay_pentomino_t4
D:3:      first_bread
D:4:      serial_shops, kennysheep_mini_moat, uniq_sigmund
D:5:      uniq_grinder
D:7:      lemuel_zombie_altar_kikubaaqudgha, fiery_altar_vehumet,
          minmay_temple_entry_poolview, hangedman_abyss_or_decor_stagger,
          kennysheep_generic_room_4
D:8:      grunt_ogre_cave, nicolae_elemental_shop, uniq_maurice
